 Dungeon Crawl Stone Soup version 0.29.1-15-g9cfb28693d (webtiles) character file.

Game seed: 2329196298561060205

117738 wingedge the Warrior (level 17, -10/137 HPs)
             Began as a Djinni Ice Elementalist on Mar 23, 2023.
             Was an Initiate of Gozag.
             Mangled by Apta's ghost (15 damage)
             ... on level 15 of the Dungeon.
             The game lasted 02:16:58 (29857 turns).

wingedge the Warrior (Djinni Ice Elementalist)     Turns: 29857, Time: 02:16:59

Health: -10/137    AC: 13    Str: 11    XL:     17   Next: 29%
Gold:   2549       EV: 21    Int: 46    God:    Gozag SH: 13 Dex: 25

rFire   + . .      SeeInvis +   b - +10 sling "Plog" {vorpal, Will++ Int+9}
rCold   + + .      Faith    .   Q - +0 buckler {AC+3}
rNeg    . . .      Spirit   .   U - +2 robe {rC+}
rPois   ∞          Reflect  +   J - +3 hat of Pondering {ponderous, Will+ MP+10 Int+5}
rElec   .          Harm     .   M - +1 cloak {rC+}
rCorr   .          Rampage  .   h - +0 pair of gloves of Resilience {*Slow Int+2 Dex+9 SInv}
Will    ++++.                   (boots unavailable)
Stlth   +++.......              m - amulet of reflection
HPRegen 0.32/turn               r - ring of Crawling {Fly Str+4 Int+5}
MPRegen 0.00/turn               A - ring of the Crafting Scavenger {Ice Int+2}

@: gold aura, flying, hasted and slowed, studying Long Blades, slow
A: sickness immunity, fire resistance 2, cold vulnerability 1, float, innate
caster, HP casting, extra vitality 1
a: Renounce Religion, Potion Petition, Call Merchant, Bribe Branch


You were on level 15 of the Dungeon.
You worshipped Gozag.
Gozag was most pleased with you.
You visited 4 branches of the dungeon, and saw 23 of its levels.
You also visited: Ice Cave.

You collected 9215 gold pieces.
You spent 2545 gold pieces at shops.
You paid 4121 gold pieces to Gozag.

Inventory:

Hand Weapons
 a - a +4 scimitar of freezing
 b - the +10 sling "Plog" (weapon) {vorpal, Will++ Int+9}
   (You found it on level 14 of the Dungeon)

   Any ammunition fired from it inflicts extra damage upon your enemies.
   Int:       It affects your intelligence (+9).
   Will:      It greatly increases your willpower.
 N - a +1 scimitar of flaming
Missiles
 p - 5 silver javelins
 x - a throwing net
Armour
 h - the +0 pair of gloves of Resilience (worn) {*Slow Int+2 Dex+9 SInv}
   (You found it on level 14 of the Dungeon)

   Int:       It affects your intelligence (+2).
   Dex:       It affects your dexterity (+9).
   SInv:      It lets you see invisible.
   *Slow:     It may slow you when you take damage.
 J - the +3 hat of Pondering (worn) {ponderous, Will+ MP+10 Int+5}
   (You found it on level 14 of the Dungeon)

   Int:       It affects your intelligence (+5).
   MP:        It affects your magic capacity (+10).
   Will:      It increases your willpower.
 M - a +1 cloak of cold resistance (worn)
 Q - a +0 buckler of protection (worn)
 S - the +1 helmet "Xitwasih" {Rampage Str-2 SInv Stlth-}
   (You bought it in a shop on level 14 of the Dungeon)

   Str:       It affects your strength (-2).
   SInv:      It lets you see invisible.
   Rampage:   It bestows one free step when moving towards enemies.
   Stlth:     It makes you less stealthy.
 U - a +2 robe of cold resistance (worn)
 V - a +2 pair of gloves
 W - a +2 robe of willpower
Magical Staves
 c - a staff of cold
 T - a staff of conjuration
Jewellery
 e - an amulet of regeneration
 f - a ring of wizardry
 i - a ring of see invisible
 m - an amulet of reflection (around neck)
 r - the ring of Crawling (left hand) {Fly Str+4 Int+5}
   (You bought it in a shop on level 5 of the Dungeon)

   [ring of flight]

   Str:       It affects your strength (+4).
   Int:       It affects your intelligence (+5).
   Fly:       It grants you flight.
 A - the ring of the Crafting Scavenger (right hand) {Ice Int+2}
   (You bought it in a shop on level 5 of the Dungeon)

   [ring of ice]

   It enhances your ice magic.
   Int:       It affects your intelligence (+2).
   rF:        It makes you vulnerable to fire.
   rC:        It protects you from cold.
 Z - the ring of Fedhas's Delight {Int+2 Slay+4}
   (You acquired it on level 2 of the Orcish Mines)

   [ring of slaying]

   Int:       It affects your intelligence (+2).
   Slay:      It affects your accuracy & damage with ranged weapons and melee
   (+4).
Wands
 y - a wand of charming (24)
 F - a wand of light (10)
 X - a wand of mindburst (13)
Scrolls
 g - 5 scrolls of magic mapping
 j - 8 scrolls of fear
 l - a scroll of summoning
 q - 6 scrolls of vulnerability
 s - a scroll of silence
 u - 3 scrolls of immolation
 v - 9 scrolls of teleportation
 w - 7 scrolls of fog
 G - a scroll of identify
 I - 3 scrolls of enchant weapon
 P - a scroll of torment
 R - a scroll of brand weapon
 Y - 3 scrolls of poison
Potions
 d - a potion of mutation
 k - 3 potions of heal wounds
 n - 2 potions of haste
 o - 5 potions of attraction
 t - 7 potions of curing
 B - 4 potions of lignification
 D - 3 potions of resistance
 E - 4 potions of might
 H - 2 potions of ambrosia
 L - a potion of brilliance
 O - 2 potions of magic {unknown}
Miscellaneous
 z - a box of beasts
 C - a tin of tremorstones (2/2)
 K - a condenser vane


   Skills:
 + Level 17.6 Fighting
 + Level 13.8 Long Blades
 - Level 4.0 Armour
 - Level 10.0 Dodging
 - Level 5.0 Stealth
 + Level 8.4 Shields
 - Level 12.0 Spellcasting


You couldn't memorise any spells.
You knew the following spells:

 Your Spells              Type           Power      Damage    Failure   Level
a - Freeze                Ice            100%       1d11      0%          1
b - Frozen Ramparts       Ice            100%       1d16      1%          3
c - Ozocubu's Armour      Ice            100%       N/A       1%          3
d - Hailstorm             Conj/Ice       100%       3d20      1%          4
e - Foxfire               Conj/Fire      100%       2x1d9     0%          1
f - Ensorcelled Hibernat  Hex/Ice        100%       N/A       0%          2
g - Spider Form           Tmut/Pois      95%        N/A       1%          3
h - Lesser Beckoning      Tloc           95%        N/A       1%          3
i - Summon Lightning Spi  Summ/Air       95%        N/A       1%          4
j - Summon Mana Viper     Hex/Summ       95%        N/A       1%          5
k - Starburst             Conj/Fire      47%        6d13      1%          6
l - Ozocubu's Refrigerat  Ice            59%        4d20      7%          7
Your spell library was empty.

Dungeon Overview and Level Annotations

Branches:
Dungeon (15/15)            Temple (1/1) D:7            Lair (5/5) D:9
  Swamp (0/4) Lair:3        Snake (0/4) Lair:2        Slime (0/5) Lair:5
    Orc (2/2) D:12            Elf (0/3) Orc:2        Vaults (0/5) D:14
  IceCv (visited)
 Depths: D:15

Altars:
Cheibriados
Gozag
Nemelex Xobeh
Okawaru
Trog
Uskayaw
Wu Jian
Zin
Jiyva

Shops:
D:5 =   D:14 [   Orc:2 ((:(*?

Portals:
Pandemonium: Orc:2
Trove: D:14 (give 4 potions of resistance)

Annotations:
D:15 1 transporter, Apta's ghost, journeyman DgDe
Lair:1 exclusion: oklob plant, Seidenschwarz's ghost, journeyman MiFi


Innate Abilities, Weirdness & Mutations

You are immune to sickness and miasma.
You are immune to poison.
Your flesh is very heat resistant. (rF++)
You are vulnerable to cold. (rC-)
You float through the air rather than walking.
You learn spells naturally, not from books.
Your magical power is your life essence.
You have superior vitality. (+4 MHP)


Message History

The blast of flame hits you! You resist.
* * * LOW HITPOINT WARNING * * *
Apta's ghost hits you!!
* * * LOW HITPOINT WARNING * * *
Apta's ghost freezes you.
* * * LOW HITPOINT WARNING * * *
Apta's ghost completely misses you. The acid dragon barely misses you.
The acid dragon misses you. [a] - 240 gold - might and brilliance [b] - 405 gold - haste and heal wounds [c] - 130 gold - heal wounds Purchase which effect?
You feel much better. Apta's ghost barely misses you.
The acid dragon barely misses you. The acid dragon closely misses you.
The shadow dragon completely misses you.
The shadow dragon closely misses you. The shadow dragon claws you!
* * * LOW HITPOINT WARNING * * *
Okay, then. [a] - 340 gold - lignification, might and resistance [b] - 375 gold - haste and heal wounds [c] - 168 gold - heal wounds and curing Purchase which effect?
You no longer have enough gold to bribe branches to halt enemies' attacks and recruit allies.
You feel yourself speed up.
You feel much better. Apta's ghost hits you!!!
* * * LOW HITPOINT WARNING * * *
Apta's ghost freezes you.
* * * LOW HITPOINT WARNING * * *
You block the acid dragon's attack. x2
The shadow dragon breathes negative energy at you.
The bolt of negative energy misses you. Apta's ghost hits you!
* * * LOW HITPOINT WARNING * * *
The acid dragon closely misses you.
You block the acid dragon's attack. [a] - 500 gold - curing, lignification, might and resistance [b] - 220 gold - haste [c] - 377 gold - heal wounds, curing and berserk rage Purchase which effect?
You feel as though your hastened speed will last longer.
Apta's ghost hits you!
You die...
Your body crumbles into a pile of gold.

##### #.............#
#..#....# .....
####[©.####..##......## #
..... # #####..
#.###.#.##.### ####.
#..#D)!$)$. #..##...###...
....###[..##.##.####.######
#.#....$#.....#.# #.......
# #..©..##.©#.# #.......
#.§#.DD...# #.#####.
...#§..#@..## #.# #.
#...§..#W...# #.# #.
$##.###..##### #.# #. ###
... #.# ##. ### #.# #.. #.#
### .# ..# ### .# #.# # #.#
#.#


You could see a shadow dragon, an acid dragon and Apta's ghost.

Vanquished Creatures
  Kirke (D:12)
  A shadow dragon (D:14)
  2 tengu reavers (D:14)
  A fire giant (D:14)
  An orc warlord (Orc:2)
  The ghost of croobank the Hazy, a journeyman DsFE of Hepliaklqana (D:13)
  A reaper (IceCv)
  A very ugly thing (D:14)
  An ettin (D:14)
  An ice dragon (D:14)
  3 catoblepae
  The ghost of ShinQuickMan the Eclecticist, a journeyman DECA of Ignis (D:13)
  3 boulder beetles
  2 demonspawn (Orc:2)
  7 hydras
  7 two-headed ogres
  An ogre mage (D:14)
  Erica (D:10)
  5 centaur warriors
  2 tengu warriors
  Urug (Orc:1)
  A death yak (Lair:5)
  A deep troll earth mage (D:14)
  2 soul eaters (Orc:2)
  4 orc high priests (Orc:2)
  Sonja (D:13)
  3 skeletal warriors (D:14)
  A shadow wraith (D:14)
  2 deep trolls
  A deep elf archer (D:14)
  A bog body (Lair:3)
  Pikel (D:4)
  A flayed ghost (D:14)
  6 orc knights
  13 ugly things
  A necromancer (D:14)
  The ghost of BuddhaDhamma the Cleaver, a novice MiBe of Trog (D:5)
  5 manticores
  10 orc sorcerers
  An oklob plant (Lair:3)
  A cyclops (shapeshifter) (D:14)
  27 elephants
  6 cyclopes
  2 black mambas
  A moth of wrath (D:15)
  An ice statue (IceCv)
  A torpor snail (Lair:5)
  Maggie (D:8)
  The ghost of BuddhaDhamma the Cleaver, a novice MiBe of Trog (D:7)
  7 cane toads
  Psyche (D:8)
  An orange demon (Orc:2)
  6 komodo dragons
  3 tengu conjurers
  An unseen horror (D:12)
  6 rime drakes
  An anaconda simulacrum (IceCv)
  An efreet (D:15)
  A meliai (D:14)
  5 trolls
  2 polar bears
  Grinder (D:4)
  2 slime creatures (D:12)
  4 hornets
  3 blink frogs (Lair:5)
  4 shadows
  A wraith (D:11)
  2 wyverns
  8 spriggans (Lair:5)
  2 basilisks
  20 yaks
  A dire elephant simulacrum (IceCv)
  Eustachio (D:4)
  2 vampire mosquitoes (D:15)
  A redback (D:15)
  A death yak simulacrum (IceCv)
  3 hogs (D:12)
  Grum (D:8)
  3 wargs
  2 harpy simulacra (IceCv)
  2 steam dragons (D:8)
  An acid dragon (D:15)
  2 hydra simulacra (IceCv)
  3 nagas (Lair:2)
  Duvessa (D:4)
  8 water moccasins
  25 orc warriors
  A sky beast (D:7)
  4 black bears
  2 ice beasts
  3 ogres
  3 boggarts (Lair:5)
  12 centaurs
  20 wolves
  3 phantoms
  4 lemures (D:4)
  6 kobold brigands
  7 bullfrogs
  3 scorpions
  2 cane toad simulacra (IceCv)
  A necrophage (D:6)
  A gnoll sergeant (D:6)
  4 two-headed ogre simulacra (IceCv)
  11 wights
  Dowan (D:4)
  9 killer bees
  An elephant simulacrum (IceCv)
  A vampire bat (D:3)
  2 electric eels (Lair:5)
  21 orc priests
  2 hounds
  2 jellies (D:6)
  3 iguanas
  Ijyb (D:5)
  7 hell rats (Lair:2)
  16 orc wizards
  3 polar bear simulacra (IceCv)
  3 spriggan simulacra (IceCv)
  9 troll simulacra (IceCv)
  4 wolf simulacra (IceCv)
  10 gnolls
  4 adders
  6 naga simulacra (IceCv)
  14 river rats (Lair:2)
  10 white imps
  3 ufetubi
  2 worms
  3 dart slugs
  3 fire bats (D:3)
  67 orcs
  2 spectral bats (D:3)
  3 bat skeletons (D:3)
  A bat zombie (D:3)
  9 endoplasms
  2 giant cockroaches
  2 goblins
  5 hobgoblins
  47 kobolds
  7 quokkas
  4 ball pythons
  13 bats
  A bat simulacrum (D:3)
  16 rats
  A plant (Lair:5)
687 creatures vanquished.

Vanquished Creatures (collateral kills)
  Fannar (Lair:1)
  2 hydras
  A catoblepas (Lair:4)
  6 death yaks (Lair:5)
  2 two-headed ogres
  A bog body (Lair:3)
  An ugly thing (D:12)
  2 cyclopes (D:11)
  8 elephants
  A rust devil (Orc:2)
  A cane toad (Lair:4)
  A rime drake (Lair:5)
  2 komodo dragons
  3 polar bears
  2 trolls
  A hornet (Lair:5)
  A dream sheep (Lair:5)
  3 spriggans (Lair:5)
  A shadow (D:11)
  3 hogs (D:12)
  8 yaks
  A vampire (D:9)
  2 wyverns (Lair:4)
  A basilisk (Lair:2)
  A harpy simulacrum (IceCv)
  A naga (Lair:2)
  6 orc warriors
  2 black bears (Lair:5)
  6 wolves (Lair:5)
  2 bullfrogs (Lair:4)
  A gnoll sergeant (Orc:2)
  3 orc priests (Orc:2)
  3 orc wizards
  A spriggan simulacrum (IceCv)
  A nameless horror (Lair:3)
  A gnoll (Orc:2)
  A white imp (IceCv)
  10 orcs
  A kobold (D:10)
95 creatures vanquished.

Vanquished Creatures (others)
  390 foxfires
  31 fungi
  91 plants
  A withered plant (D:13)
513 creatures vanquished.

Grand Total: 1295 creatures vanquished

Notes
Turn   | Place    | Note
-------+----------+-------------------------------------------
     0 | D:1      | wingedge the Djinni Ice Elementalist began the quest for
                  | the Orb.
     0 | D:1      | wingedge set off with the following spells memorised:
                  | Freeze, Frozen Ramparts, Ozocubu's Armour, Hailstorm.
     0 | D:1      | Reached XP level 1. HP: 15/15 MP: 0/0
   364 | D:1      | Reached XP level 2. HP: 22/22 MP: 0/0
   372 | D:1      | Reached skill level 1 in Fighting
   405 | D:1      | Found a faded altar of an unknown god.
   770 | D:2      | Reached XP level 3. HP: 26/27 MP: 0/0
   770 | D:2      | Learned a level 1 spell: Foxfire
   951 | D:2      | Reached XP level 4. HP: 32/32 MP: 0/0
  1235 | D:3      | Reached XP level 5. HP: 18/38 MP: 0/0
  1235 | D:3      | Learned a level 2 spell: Ensorcelled Hibernation
  1237 | D:3      | Reached skill level 2 in Fighting
  1377 | D:3      | Found an iron altar of Okawaru.
  1377 | D:3      | Found an ornate altar of the Wu Jian Council.
  1388 | D:3      | Found an opulent altar of Gozag.
  1392 | D:3      | Became a worshipper of Gozag Ym Sagoz the Greedy
  1398 | D:3      | Found a snail-covered altar of Cheibriados.
  1503 | D:3      | Reached skill level 5 in Spellcasting
  1503 | D:3      | Reached XP level 6. HP: 40/43 MP: 0/0
  1881 | D:4      | Reached skill level 3 in Fighting
  1969 | D:4      | Noticed Eustachio
  1983 | D:4      | Killed Eustachio
  1984 | D:4      | Reached skill level 4 in Fighting
  1984 | D:4      | Reached XP level 7. HP: 44/52 MP: 0/0
  1984 | D:4      | Learned a level 3 spell: Spider Form
  2164 | D:4      | Noticed Grinder
  2182 | D:4      | Killed Grinder
  2183 | D:4      | Reached XP level 8. HP: 52/58 MP: 0/0
  2259 | D:4      | Noticed Pikel
  2281 | D:4      | Killed Pikel
  2282 | D:4      | Reached skill level 5 in Stealth
  2282 | D:4      | Reached skill level 5 in Fighting
  2362 | D:4      | Noticed Dowan
  2370 | D:4      | Noticed Duvessa
  2801 | D:4      | Killed Duvessa
  2805 | D:4      | Killed Dowan
  2806 | D:4      | Reached XP level 9. HP: 39/65 MP: 0/0
  2806 | D:4      | Learned a level 3 spell: Lesser Beckoning
  2844 | D:5      | Entered Level 5 of the Dungeon
  2917 | D:5      | Noticed Ijyb
  2921 | D:5      | Killed Ijyb
  3055 | D:5      | Found Qissoi Nairch's Jewellery Shop.
  3060 | D:5      | Bought the ring of the Crafting Scavenger {Ice Int+2} for
                  | 398 gold pieces
  3209 | D:5      | Found a runed translucent door.
  3210 | D:5      | Noticed BuddhaDhamma's ghost (novice MiBe)
  3913 | D:6      | Reached skill level 6 in Fighting
  4084 | D:6      | Reached XP level 10. HP: 69/72 MP: 0/0
  5117 | D:7      | Noticed a two-headed ogre
  5124 | D:7      | Killed a two-headed ogre
  5125 | D:7      | Reached skill level 8 in Fighting
  5422 | D:7      | Found a runed translucent door.
  5430 | D:7      | Noticed BuddhaDhamma's ghost (novice MiBe)
  5446 | D:7      | Killed BuddhaDhamma's ghost
  5768 | D:5      | Bought the ring of Crawling {Fly Str+4 Int+5} for 477 gold
                  | pieces
  6284 | D:7      | Found a staircase to the Ecumenical Temple.
  6290 | Temple   | Entered the Ecumenical Temple
  6817 | D:8      | Noticed Grum
  6918 | D:8      | Noticed Psyche
  6928 | D:8      | Killed Psyche
  6929 | D:8      | Reached skill level 9 in Fighting
  7166 | D:8      | Noticed Maggie
  7177 | D:8      | Killed Maggie
  7178 | D:8      | Reached XP level 11. HP: 44/84 MP: 0/0
  7178 | D:8      | Learned a level 4 spell: Summon Lightning Spire
  8078 | D:8      | Killed Grum
  8632 | D:9      | Reached skill level 10 in Fighting
  8909 | D:9      | Noticed a two-headed ogre
  8919 | D:9      | Killed a two-headed ogre
  8920 | D:9      | Reached skill level 10 in Spellcasting
  9115 | D:9      | Found a staircase to the Lair.
  9605 | D:10     | Entered Level 10 of the Dungeon
  9768 | D:10     | Noticed a two-headed ogre
  9778 | D:10     | Killed a two-headed ogre
  9779 | D:10     | Reached skill level 11 in Fighting
 10348 | D:10     | Found a sparkling altar of Nemelex Xobeh.
 10646 | D:10     | Noticed Erica
 10658 | D:10     | Killed Erica
 10659 | D:10     | Reached skill level 12 in Fighting
 10872 | D:10     | Reached skill level 1 in Long Blades
 11100 | D:10     | Noticed a two-headed ogre
 11108 | D:10     | Killed a two-headed ogre
 11109 | D:10     | Reached XP level 12. HP: 76/96 MP: 0/0
 11553 | D:11     | Noticed a two-headed ogre
 11559 | D:11     | Killed a two-headed ogre
 11798 | D:11     | Noticed a two-headed ogre
 11802 | D:11     | Killed a two-headed ogre
 12894 | Lair:1   | Entered Level 1 of the Lair of Beasts
 12954 | Lair:1   | Noticed Fannar
 12961 | Lair:1   | Killed Fannar
 13107 | Lair:1   | Reached skill level 13 in Fighting
 13316 | Lair:1   | Found a transporter.
 13318 | Lair:1   | Noticed Seidenschwarz's ghost (journeyman MiFi)
 13324 | Lair:1   | Noticed a four-headed hydra
 13333 | Lair:1   | Killed a one-headed hydra
 13343 | Lair:1   | Found a transporter.
 13652 | Lair:1   | Noticed a boulder beetle
 13664 | Lair:1   | Killed a boulder beetle
 13961 | Lair:1   | Noticed a deep troll
 13964 | Lair:1   | Killed a deep troll
 14095 | Lair:1   | Reached skill level 5 in Long Blades
 14143 | Lair:1   | Reached skill level 5 in Dodging
 14463 | Lair:2   | Found a staircase to the Snake Pit.
 15384 | Lair:2   | Reached XP level 13. HP: 100/103 MP: 0/0
 15384 | Lair:2   | Learned a level 5 spell: Summon Mana Viper
 15522 | Lair:2   | Found an iron altar of Okawaru.
 16096 | Lair:3   | Found a staircase to the Swamp.
 16263 | Lair:3   | Reached skill level 14 in Fighting
 16958 | Lair:4   | Noticed a six-headed hydra
 16967 | Lair:4   | Killed a six-headed hydra
 17271 | Lair:4   | Noticed a catoblepas
 17291 | Lair:4   | Killed a catoblepas
 17814 | Lair:4   | Reached XP level 14. HP: 88/112 MP: 0/0
 18097 | Lair:4   | Reached skill level 15 in Fighting
 18242 | Lair:5   | Entered Level 5 of the Lair of Beasts
 18449 | Lair:5   | Reached skill level 10 in Dodging
 19068 | Lair:5   | Reached skill level 10 in Long Blades
 19076 | Lair:5   | Reached skill level 1 in Shields
 19079 | Lair:5   | Reached skill level 16 in Fighting
 19396 | Lair:5   | Reached XP level 15. HP: 104/121 MP: 0/0
 19396 | Lair:5   | Learned a level 6 spell: Starburst
 19718 | Lair:5   | Found a staircase to the Slime Pits.
 19719 | Lair:5   | Found a viscous altar of Jiyva.
 20352 | D:5      | Killed BuddhaDhamma's ghost
 20577 | D:12     | Noticed Kirke
 20589 | D:12     | Killed Kirke
 20644 | D:12     | Found a frozen archway.
 20729 | IceCv    | Entered an ice cave
 20816 | IceCv    | Identified a scroll of acquirement
 20977 | IceCv    | Found the +8 frozen axe "Frostbite" {freezing cloud, *Noise
                  | Fly rC+}
 20987 | IceCv    | Noticed a reaper
 21001 | IceCv    | Killed a reaper
 21589 | D:12     | Acquired a manual of Long Blades
 21910 | D:12     | Found a staircase to the Orcish Mines.
 22176 | Orc:1    | Entered Level 1 of the Orcish Mines
 22212 | Orc:1    | Reached skill level 5 in Shields
 22290 | Orc:2    | Entered Level 2 of the Orcish Mines
 22290 | Orc:2    | Found a staircase to the Elven Halls.
 22668 | Orc:2    | Found Ixiref's Weapon Boutique.
 22834 | Orc:2    | Found Xofezoib's Antique Weapon Boutique.
 22860 | Orc:2    | Bought a glowing scimitar for 196 gold pieces
 22932 | Orc:2    | Found Exzo Buu's General Store.
 22934 | Orc:2    | Found Farohou's Magic Scroll Emporium.
 23219 | Orc:2    | Bought a scroll of fear for 44 gold pieces
 23219 | Orc:2    | Bought a potion of ambrosia for 88 gold pieces
 23219 | Orc:2    | Bought a scroll of enchant weapon for 82 gold pieces
 23219 | Orc:2    | Bought a +0 helmet for 49 gold pieces
 23265 | Orc:2    | Bought a scroll of acquirement for 676 gold pieces
 23265 | Orc:2    | Acquired the ring of Fedhas's Delight {Int+2 Slay+4}
 23318 | Orc:2    | Reached skill level 1 in Armour
 23406 | Orc:2    | Noticed an orc warlord
 23429 | Orc:2    | Killed an orc warlord
 23612 | Orc:2    | Bought a scroll of enchant armour for 97 gold pieces
 23612 | Orc:2    | Bought a scroll of identify for 26 gold pieces
 23612 | Orc:2    | Bought a scroll of identify for 26 gold pieces
 23612 | Orc:2    | Bought a scroll of identify for 26 gold pieces
 23612 | Orc:2    | Bought a scroll of identify for 26 gold pieces
 23612 | Orc:2    | Bought a scroll of fear for 52 gold pieces
 23612 | Orc:2    | Bought a scroll of identify for 26 gold pieces
 23644 | Orc:2    | Reached XP level 16. HP: 109/129 MP: 0/0
 23938 | Orc:2    | Found Meomadd's Antique Weapon Boutique.
 23938 | Orc:2    | Found Moonac's Book Shop.
 23939 | Orc:2    | Found a one-way gate leading to the halls of Pandemonium.
 24118 | Orc:1    | Noticed Urug
 24137 | Orc:1    | Killed Urug
 24530 | D:13     | Noticed Sonja
 24535 | D:13     | Killed Sonja
 24753 | D:13     | Found a runed translucent gate.
 24753 | D:13     | Found a runed translucent gate.
 24753 | D:13     | Found a runed translucent gate.
 24757 | D:13     | Noticed croobank's ghost (journeyman DsFE)
 24757 | D:13     | Noticed ShinQuickMan's ghost (journeyman DECA)
 24812 | D:13     | Killed ShinQuickMan's ghost
 24816 | D:13     | Killed croobank's ghost
 24993 | D:13     | You are sucked into a shaft and drop 2 floors!
 24993 | D:15     | Entered Level 15 of the Dungeon
 25710 | D:14     | Reached skill level 17 in Fighting
 26130 | D:14     | Found a gate to the Vaults.
 26427 | D:14     | Found a portal to a secret trove of treasure.
 26435 | D:14     | Bought the +1 helmet "Xitwasih" {Rampage Str-2 SInv Stlth-}
                  | for 256 gold pieces
 27282 | D:14     | Noticed a fire giant
 27291 | D:14     | Killed a fire giant
 27751 | D:14     | Identified the +10 sling "Plog" {vorpal, Will++ Int+9}
 27794 | D:14     | Noticed a shadow dragon
 27796 | D:14     | Noticed a tengu reaver
 27798 | D:14     | Noticed a tengu reaver
 27801 | D:14     | Killed a tengu reaver
 27801 | D:14     | Killed a tengu reaver
 27802 | D:14     | Reached XP level 17. HP: 35/134 MP: 0/0
 27802 | D:14     | Learned a level 7 spell: Ozocubu's Refrigeration
 27802 | D:14     | Killed a shadow dragon
 28180 | D:14     | Found the +3 hat of Pondering {ponderous, Will+ MP+10
                  | Int+5}
 28287 | D:14     | Identified the +0 pair of gloves of Resilience {*Slow Int+2
                  | Dex+9 SInv}
 29834 | D:15     | Found a transporter.
 29836 | D:15     | Noticed Apta's ghost (journeyman DgDe)
 29838 | D:15     | Noticed a shadow dragon
 29843 | D:15     | Found a transporter.
 29856 | D:15     | HP: 5/137 [Apta's ghost (8)]
 29857 | D:15     | Mangled by Apta's ghost

Illustrated notes

Levels and vault maps discovered:
D:1:      sevenhm_arrival_forest_fort_small_3, layout_loops_cross,
          ebering_ecumenical_altar_mist
D:2:      layout_rooms
D:3:      layout_rooms, grunt_temple_overflow_cloverleaf, nrook_loot_triangle,
          st_stairs_12, goddamned_bats
D:4:      layout_gridville, uniq_grinder, uniq_pikel, uniq_duvessa,
          uniq_eustachio
D:5:      layout_loops_ring, ebering_ghost_sewer_d, serial_shops,
          nicolae_shop_hallway_plus, dreamdust_mushroom_princess, uniq_ijyb
D:6:      kennysheep_kobold_camp, layout_basic
D:7:      layout_basic, minmay_temple_entry_wispy,
          ebering_ghost_reflecting_pool, nrook_uturn, wad_rectangle_vault
D:8:      layout_cave_pods, minmay_circle_x, uniq_grum, uniq_psyche, uniq_maggie
D:9:      layout_basic, lair_entry_dummy
D:10:     layout_basic, nemelex_spade_bored_becter, uniq_erica
D:11:     layout_layer_cave, hive_lemuel
D:12:     layout_cave_pools, david_orc_3, portal_ice_cave_rime, uniq_kirke
D:13:     layout_roguey, gammafunk_ghost_cemetery, uniq_sonja
D:14:     minmay_tearing_corner, layout_irregular_city, david_vaults_4,
          hangedman_decor_diamond_cutter, nicolae_trove_entry_isolated
D:15:     grunt_enter_depths_magical_seal, layout_loops_ring,
          gammafunk_ghost_berserking_beasts
Temple:   nicolae_temple_bog_church
Lair:1:   dreamdust_cave_troll, layout_loops_ring, nzn_ghost_randoct,
          chequers_serial_rivers_small_b, lemuel_fruit_tree,
          serial_bayou_shore_b, grunt_megastairs_1, uniq_fannar
Lair:2:   lemuel_ratsnest, layout_big_grid, guppyfry_snake_entry_garden,
          basic_altar, serial_bayou_shore_b
Lair:3:   layout_cave_pods, skrybe_swamp_entry_bodies,
          nicolae_lair_grove_arrangements, fungi_pond_lemuel
Lair:4:   beast_lair_carwin_large_3, layout_hall_layers
Lair:5:   minmay_lair_end_enchanted_forest, layout_cave_pods, slime_entry_1,
          serial_bayou_lake_a
Orc:1:    layout_diamond_mine, uniq_urug
Orc:2:    pf_orc_diabolical, layout_diamond_mine, serial_shops, shop, shop,
          lemuel_statue_altar, minmay_orc_temple_a

Skill      XL: |  1  2  3  4  5  6  7  8  9 10 11 12 13 14 15 16 17 |
---------------+----------------------------------------------------+-----
Fighting       | 1 2 4 5 6 9 12 13 14 16 17 | 17.6
Spellcasting   | 4 5 6 8 9 10 11 12 | 12.0
Stealth        | 2 3 4 5 |  5.0
Long Blades    | 2 5 8 10 11 13 | 13.8
Dodging        | 6 9 10 | 10.0
Shields        | 2 5 7 8 |  8.4
Armour         | 1 4 |  4.0

Action                   |  1- 3 |  4- 6 |  7- 9 | 10-12 | 13-15 | 16-18 || total
-------------------------+-------+-------+-------+-------+-------+-------++-------
Melee: Long sword        |       |    22 |     9 |       |       |       ||    31
       Punch             |       |     2 |     1 |       |       |       ||     3
       Short sword       |       |       |     4 |    12 |       |       ||    16
       Spear             |       |       |       |    34 |       |       ||    34
       Flail             |       |       |       |     3 |       |       ||     3
       Scimitar          |       |       |       |    19 |   101 |    59 ||   179
       Staff             |       |       |       |     1 |     1 |       ||     2
 Cast: Freeze            |    30 |     5 |    14 |    28 |     2 |       ||    79
       Foxfire           |     9 |    91 |    56 |    60 |     5 |       ||   221
       Frozen Ramparts   |     1 |     9 |     4 |    11 |     1 |       ||    26
       Ozocubu's Armour  |     1 |     4 |     4 |    22 |    27 |     9 ||    67
       Ensorcelled Hiber |       |     3 |       |    10 |     1 |       ||    14
       Hailstorm         |       |       |    50 |   167 |   199 |    33 ||   449
       Summon Lightning  |       |       |       |    26 |    52 |     4 ||    82
       Summon Mana Viper |       |       |       |       |    36 |     3 ||    39
       Starburst         |       |       |       |       |    98 |   102 ||   200
       Lesser Beckoning  |       |       |       |       |       |     3 ||     3
       Ozocubu's Refrige |       |       |       |       |       |    19 ||    19
Invok: Potion Petition   |       |       |       |     1 |     3 |     6 ||    10
       Call Merchant     |       |       |       |       |       |     1 ||     1
Evoke: Wand              |       |       |     3 |       |       |       ||     3
  Use: Scroll            |       |     5 |       |     9 |    14 |     2 ||    30
       Potion            |       |       |       |     2 |       |     1 ||     3
 Stab: Sleeping          |       |       |       |     3 |       |     1 ||     4
       Distracted        |       |       |       |       |     3 |     4 ||     7
Armor: Robe              |     7 |    25 |     4 |    21 |    68 |    24 ||   149
       Leather armour    |       |       |     2 |     1 |       |       ||     3
       Ring mail         |       |       |       |    17 |       |       ||    17
       Steam dragon scal |       |       |       |     3 |       |       ||     3
Dodge: Dodged            |    13 |    45 |    24 |    77 |   144 |    72 ||   375
Block: Other             |       |       |       |    10 |       |       ||    10
       Reflection        |       |       |       |     3 |       |     3 ||     6
       Buckler           |       |       |       |    18 |    32 |    46 ||    96
